Map: Automaton LE

Players

Kel - Winner!

  • Race: Zerg Zerg
  • Spawn Location: 9:00

CmeTanKa

  • Race: Terran Terran
  • Spawn Location: 3:00

Event: 2019 WCS Spring

VOD

Have the link to the VOD?

Description

Time

  • Played on: May 17, 2019, 7:55 a.m.
  • Length: 5:15

All games in this series

Show
View Real Time Build Order
Export as new Build Order

Kel Zerg - Winner!

Build Orders: Hatch First, Roach Nydus 

Get SALT Encoding   

  12  0:00  Drone  
  13  0:13  Overlord  
  13  0:19  Drone  
  14  0:32  Drone x2  
  16  0:38  Drone  
  17  0:58  Hatchery  
  17  1:01  Drone  
  17  1:04  Extractor  
  17  1:10  Drone  
  17  1:20  Spawning Pool  
  16  1:28  Drone x2  
  18  1:39  Drone  
  19  1:42  Overlord  
  19  2:05  Drone  
  19  2:06  Queen  
  19  2:07  Metabolic Boost  
  22  2:09  Zergling x2  
  22  2:18  Queen  
  24  2:25  Zergling x2  
  24  2:29  Drone x2  
  27  2:35  Drone  
  27  2:36  Drone  
  29  2:40  Drone  
  30  2:49  Lair  
  30  3:01  Extractor  
  30  3:05  Queen  
  32  3:06  Overlord  
  32  3:15  Drone x4  
  35  3:21  Extractor  
  35  3:24  Drone x2  
  35  3:25  Drone  
  37  3:34  Roach Warren  
  36  3:52  Nydus Network, Overlord  
  36  3:53  Drone x2  
  37  4:01  Queen  
  39  4:03  Queen  
  40  4:13  Roach  
  40  4:14  Roach x2  
  46  4:20  Overseer  
  46  4:26  Roach x3  
  52  4:31  Nydus Canal  
  52  4:42  Overlord x2  
  52  4:56  Overlord  
Show
View Real Time Build Order
Export as new Build Order

CmeTanKa Terran 

Build Orders: Gas First Reaper Expand 

Get SALT Encoding   

  12  0:00  SCV  
  13  0:13  SCV  
  14  0:18  Supply Depot  
  14  0:25  SCV  
  15  0:29  Refinery  
  15  0:39  SCV  
  16  0:46  Barracks  
  16  0:52  SCV  
  17  1:04  SCV  
  18  1:16  SCV  
  19  1:33  Orbital Command  
  19  1:34  Reaper  
  20  1:50  Command Center  
  20  1:58  SCV  
  21  2:04  Factory  
  21  2:08  Barracks Reactor  
  21  2:16  SCV  
  21  2:22  Refinery, Supply Depot  
  22  2:28  SCV  
  23  2:43  SCV  
  24  2:48  Starport  
  24  3:00  Hellion, Marine  
  28  3:05  SCV  
  28  3:07  Orbital Command  
  28  3:17  SCV  
  28  3:20  Hellion  
  28  3:21  Hellion  
  28  3:27  Viking  
  34  3:29  SCV  
  34  3:31  Fusion Core  
  35  3:36  SCV  
  36  3:43  SCV, Hellion  
  39  3:48  SCV  
  39  3:49  Refinery  
  41  3:55  SCV  
  41  4:01  Starport Tech Lab  
  41  4:02  Starport  
  40  4:11  SCV x2  
  40  4:16  Refinery  
  42  4:23  SCV x2  
  44  4:27  Hellion  
  46  4:52  SCV  
Tags
 
Add a new tag
Caveats
  • Supply blocks, unpowered buildings, or Contaminate may cause inaccurate times.
  • Supply counts are checked every 10 seconds.